 Dungeon Crawl Stone Soup version 0.21.1-1-g345015f (webtiles) character file.

133 letownia2 the Charmwright (level 5, -2/40 HPs)
             Began as a Merfolk Skald on Mar 12, 2018.
             Slain by Duvessa
             ... wielding a +0 rapier
              (4 damage)
             ... on level 4 of the Dungeon.
             The game lasted 00:06:16 (673 turns).

letownia2 the Charmwright (Merfolk Skald)            Turns: 673, Time: 00:06:16

Health: -2/40      AC:  4    Str: 11    XL:     5   Next: 16%
Magic:  1/8        EV: 12    Int: 14    God:
Gold:   142        SH:  0    Dex: 13    Spells: 2/8 levels left

rFire    . . .     SeeInvis .   g - +2 dagger (venom)
rCold    . . .     Gourm    .   (no shield)
rNeg     . . .     Faith    .   b - +0 leather armour
rPois    .         Spirit   .   (no helmet)
rElec    .         Reflect  .   (no cloak)
rCorr    .         Harm     .   n - +0 pair of gloves
MR       .....                  (no boots)
Stlth    +.........             (no amulet)
HPRegen  0.13/turn              (no ring)
MPRegen  0.11/turn              (no ring)

@: flying
A: change form in water, swift swim, stealthy swim
a: no special abilities


You were on level 4 of the Dungeon.
You were hungry.

You visited 1 branch of the dungeon, and saw 4 of its levels.

You collected 142 gold pieces.

Inventory:

Hand Weapons
 a - a +0 spear
 g - a +2 dagger of venom (weapon)
 q - a +0 hunting sling
 t - a +0 blowgun
Missiles
 r - 12 sling bullets
 s - 13 poisoned needles
Armour
 b - a +0 leather armour (worn)
 j - a +0 chain mail
 n - a +0 pair of gloves (worn)
Scrolls
 h - a scroll of enchant armour {unknown}
 i - 2 scrolls of identify
 k - a scroll of noise {unknown}
 l - a scroll of enchant weapon {unknown}
 p - a scroll of fog {unknown}
Potions
 f - a potion of agility
 m - a potion of brilliance
 o - a potion of flight
Books
 c - a book of Battle

   Spells                             Type                      Level
   a - Infusion                       Charms                       1
   b - Shroud of Golubria             Charms/Translocation         2
   c - Song of Slaying                Charms                       2
   d - Spectral Weapon                Hexes/Charms                 3
   e - Regeneration                   Charms/Necromancy            3
Comestibles
 d - 2 rations


   Skills:
 + Level 2.9 Fighting
 - Level 3.5 Polearms
 + Level 1.1 Armour
 + Level 3.1 Dodging
 - Level 2.1 Spellcasting
 + Level 1.0 Hexes
 + Level 4.2 Charms
 - Level 1.7 Translocations


You had 2 spell levels left.
You knew the following spells:

 Your Spells              Type           Power        Failure   Level  Hunger
a - Infusion              Chrm           ##..         5%          1    ##.....
t - Shroud of Golubria    Chrm/Tloc      #.........   14%         2    ###....
x - Spectral Weapon       Hex/Chrm       #.......     30%         3    ####...


Dungeon Overview and Level Annotations

Branches:
Dungeon (4/15)
 Temple: D:4-7

Altars:

Annotations:
D:4 Dowan, Duvessa


Message History

* * * LOW HITPOINT WARNING * * *
The howler monkey barely misses you.
Unknown command.
Unknown command.
Okay, then.
Unknown command.
You hit the howler monkey.
You kill the howler monkey!
Your Armour skill increases to level 1!
Your Dodging skill increases to level 3!
Your Hexes skill increases to level 1!
You have reached level 5!
You feel clever. Duvessa closely misses you.
Your shroud bends the leopard gecko's attack away.
You closely miss the leopard gecko.
Dowan gestures wildly while chanting.
Dowan blinks!
The leopard gecko bites you but does no damage.
Duvessa hits you with a rapier.
You die...

####.....(#....
.........#....
#..........<.
#...........
#........# #.......#
#....<..#
#########.##...>....
#....ee@lo##........
ยง.##########........
#........ #........
#........ #.#.#####


You could see Duvessa, Dowan, an orc and a leopard gecko.

Vanquished Creatures
  A howler monkey (D:4)
  A hound (D:4)
  3 adders
  An ooze (D:2)
  A worm (D:2)
  5 bats
  2 giant cockroaches (D:2)
  3 goblins
  3 hobgoblins
  3 jackals (D:2)
  3 kobolds (D:3)
  2 quokkas
  A frilled lizard (D:1)
  A rat (D:2)
30 creatures vanquished.

Vanquished Creatures (others)
  A spectral weapon (D:4)
1 creature vanquished.

Grand Total: 31 creatures vanquished

Notes
Turn   | Place    | Note
-------+----------+-------------------------------------------
     0 | D:1      | letownia2 the Merfolk Skald began the quest for the Orb.
     0 | D:1      | Reached XP level 1. HP: 16/16 MP: 3/3
   181 | D:2      | Reached XP level 2. HP: 20/23 MP: 0/5
   190 | D:2      | Learned a level 2 spell: Shroud of Golubria
   331 | D:2      | Reached skill level 1 in Translocations
   389 | D:2      | Reached XP level 3. HP: 27/28 MP: 6/6
   565 | D:2      | Reached skill level 4 in Charms
   565 | D:2      | Reached XP level 4. HP: 21/34 MP: 0/7
   647 | D:3      | Learned a level 3 spell: Spectral Weapon
   655 | D:4      | Noticed Duvessa
   662 | D:4      | Noticed Dowan
   672 | D:4      | Reached skill level 1 in Armour
   672 | D:4      | Reached skill level 1 in Hexes
   672 | D:4      | Reached XP level 5. HP: 2/40 MP: 1/8
   673 | D:4      | Slain by Duvessa

Skill      XL: |  1  2  3  4 |
---------------+-------------+-----
Translocations | 1 |  1.7
Charms         | 4 |  4.2
Armour         | 1 |  1.1
Dodging        | 3 |  3.1
Hexes          | 1 |  1.0
Fighting       | |  2.9
Polearms       | |  3.5
Spellcasting   | |  2.1

Action                   |  1- 3 |  4- 6 || total
-------------------------+-------+-------++-------
Melee: Dagger            |    64 |    18 ||    82
       Spear             |     4 |       ||     4
 Cast: Infusion          |     3 |       ||     3
       Shroud of Golubri |     7 |     3 ||    10
       Spectral Weapon   |       |     1 ||     1
  Use: Potion            |     2 |     1 ||     3
       Scroll            |       |     1 ||     1
Armor: Leather armour    |    10 |    11 ||    21
Dodge: Dodged            |    48 |    17 ||    65
